 Dungeon Crawl Stone Soup version 0.26-a0-833-g7262b39652 (webtiles) character file.

Game seed: 10610363581289080185

4465 EWolf27 the Geomancer (level 10, -2/59 HPs)
             Began as a Gargoyle Earth Elementalist on Nov 15, 2020.
             Was an Initiate of the Shining One.
             Slain by a yak (7 damage)
             ... on level 9 of the Dungeon.
             The game lasted 00:58:15 (15238 turns).

EWolf27 the Geomancer (GrEE)                       Turns: 15238, Time: 00:58:16

Health: -2/59      AC: 13    Str: 14    XL:     10   Next: 37%
Magic:  21/21      EV: 12    Int: 20    God:    the Shining One [......]
Gold:   321        SH:  0    Dex: 10    Spells: 15/24 levels left

rFire    . . .     SeeInvis .   b - +6 battleaxe of Blood {venom, rPois Int+3}
rCold    + . .     Faith    .   (shield currently unavailable)
rNeg     + . .     Spirit   .   c - +1 robe
rPois    ∞         Reflect  .   (no helmet)
rElec    +         Harm     .   (no cloak)
rCorr    +         Rampage  .   (no gloves)
MR       .....                  F - +2 pair of boots
Stlth    +.........             l - amulet of magic regeneration
HPRegen  0.19/turn              n - ring of resist corrosion
MPRegen  0.42/turn              m - ring of protection from cold

@: hasted, glowing, very quick
A: negative energy resistance 1, electricity resistance, unbreathing,
petrification resistance, rot immunity, AC +7
a: Renounce Religion


You were on level 9 of the Dungeon.
You worshipped the Shining One.
The Shining One was noncommittal.
You visited 2 branches of the dungeon, and saw 10 of its levels.

You collected 568 gold pieces.
You spent 247 gold pieces at shops.

Inventory:

Hand Weapons
 a - a +0 whip
 b - the +6 battleaxe of Blood (weapon) {venom, rPois Int+3}
   (You found it on level 4 of the Dungeon)

   It poisons the flesh of those it strikes.
   It affects your intelligence (+3).
   It protects you from poison.
Missiles
 t - 54 poisoned darts (quivered)
 x - 177 stones
Armour
 c - a +1 robe (worn)
 i - a +0 buckler
 E - a +0 plate armour of fire resistance
 F - a +2 pair of boots (worn)
Jewellery
 l - an amulet of magic regeneration (around neck)
 m - a ring of protection from cold (right hand)
 n - a ring of resist corrosion (left hand)
Wands
 D - a wand of acid (16)
Scrolls
 e - 2 scrolls of amnesia
 g - 4 scrolls of identify
 h - 9 scrolls of teleportation
 j - 3 scrolls of enchant armour
 k - 2 scrolls of remove curse
 o - a scroll of immolation {unknown}
 v - 3 scrolls of magic mapping {unknown}
 w - 5 scrolls of enchant weapon
 y - a scroll of random uselessness {unknown}
 C - a scroll of silence {unknown}
Potions
 d - a potion of lignification {unknown}
 f - 5 potions of brilliance
 p - a potion of haste
 q - a potion of resistance {unknown}
 r - 3 potions of mutation {unknown}
 s - a potion of invisibility {unknown}
 u - 2 potions of curing {unknown}
 z - a potion of flight {unknown}
 A - 2 potions of cancellation {unknown}
 B - a potion of heal wounds {unknown}


   Skills:
 + Level 5.0 Fighting
 - Level 5.0 Armour
 - Level 1.5 Dodging
 - Level 2.1 Stealth
 + Level 7.5 Spellcasting
 - Level 4.0 Conjurations
   Level 0.7 Transmutations
 + Level 11.4 Earth Magic
 + Level 3.5 Invocations


You had 15 spell levels left.
You knew the following spells:

 Your Spells              Type           Power        Failure   Level
a - Sandblast             Erth           ######       1%          1
b - Stone Arrow           Conj/Erth      #####.       1%          3
c - Lee's Rapid Deconstr  Erth           ######....   2%          5

Your spell library contained the following spells:

 Spells                   Type           Power        Failure   Level
 Passwall                 Tmut/Erth      ####....     1%          2
 Petrify                  Tmut/Erth      ####....     8%          4


Dungeon Overview and Level Annotations

Branches:
Dungeon (9/15)             Temple (1/1) D:7
   Lair: D:8-11         Orc: D:9-12

Altars:
Ashenzari
Cheibriados
Dithmenos
Elyvilon
Fedhas
Gozag
Hepliaklqana
Kikubaaqudgha
Makhleb
Nemelex Xobeh
Qazlal
Ru
Sif Muna
Trog
Uskayaw
Vehumet
Wu Jian
Xom
Yredelemnul
Zin
The Shining One

Shops:
D:8 *


Innate Abilities, Weirdness & Mutations

You are resistant to torment.
Your stone body is resilient. (AC +7)
You are immune to poison.
You resist negative energy. (rN+)
You are resistant to electric shocks. (rElec)
You can survive without breathing.
You are immune to petrification.
You are immune to rotting.


Message History

There is a stone staircase leading up here.
You slash the yak!
The yak looks as sick as possible!
The yak is moderately wounded.
You barely miss the troll. You barely miss the yak.
The troll closely misses you. x2; The troll barely misses you.
The yak gores you! The yak barely misses you. The troll misses you.
The troll closely misses you. x2; The yak gores you!
The yak gores you but does no damage.
You barely miss the yak.
The yak is heavily wounded.
You hit the troll.
The troll is poisoned.
You barely miss the yak. The troll bites you. The troll claws you!
The troll claws you but does no damage. The yak barely misses you.
The yak gores you! The troll bites you!
* * * LOW HITPOINT WARNING * * *
The troll claws you.
* * * LOW HITPOINT WARNING * * *
The troll closely misses you.
You feel yourself speed up. The yak closely misses you. The yak gores you!
You die...

####........ #...#
#................#...#
........... .....#...#
.......... ....#...#
........######...#...#
............#....#...#
..††........#....#...#
.....Y......#..T.#...#
.?#######Y.##..Y@#...#
(. #.Y.#...Y.#...# ..
#...#.....#...# .g
#...#.....#...# ##
##..####...#...#####
#.....)............#
#..................#
#..................#
#..................#


You could see 2 yaks and a troll (very poisoned).

Vanquished Creatures
  A two-headed ogre (D:9)
  An ugly thing (D:8)
  A kobold demonologist (D:8)
  Menkaure (D:6)
  A water moccasin (D:8)
  A black bear (D:5)
  2 orc warriors (D:6)
  4 sky beasts
  An ice beast (D:6)
  A phantom (D:6)
  An ogre (D:6)
  2 centaurs
  2 bullfrogs (D:6)
  4 scorpions
  5 killer bees (D:7)
  A howler monkey (D:6)
  A centaur skeleton (D:4)
  2 jellies
  3 hounds
  6 orc priests
  7 orc wizards
  Natasha (thrice) (D:3)
  Terence (D:3)
  2 iguanas (D:6)
  3 worker ants
  A howler monkey zombie (D:7)
  A worker ant zombie (D:8)
  23 gnolls
  11 adders
  5 shadow imps
  An ufetubus (D:6)
  An ooze (D:5)
  2 adder zombies
  4 worms
  2 dart slugs (D:1)
  A leopard gecko (D:4)
  29 orcs
  A ball python (D:3)
  8 bats
  5 giant cockroaches
  3 goblins (D:1)
  9 hobgoblins
  2 jackals
  11 kobolds
  3 quokkas
  7 frilled lizards
  A jackal skeleton (D:7)
  2 leopard gecko skeletons
  12 rats
202 creatures vanquished.

Notes
Turn   | Place    | Note
-------+----------+-------------------------------------------
     0 | D:1      | EWolf27 the Gargoyle Earth Elementalist began the quest for
                  | the Orb.
     0 | D:1      | Reached XP level 1. HP: 10/10 MP: 3/3
   193 | D:1      | Reached XP level 2. HP: 16/16 MP: 5/5
   223 | D:1      | Reached skill level 1 in Fighting
   246 | D:1      | Reached skill level 4 in Earth Magic
   624 | D:1      | Reached XP level 3. HP: 20/20 MP: 6/6
   628 | D:1      | Learned a level 3 spell: Stone Arrow
  2097 | D:2      | Reached XP level 4. HP: 8/26 MP: 3/7
  2535 | D:3      | Noticed Terence
  2800 | D:3      | Noticed Natasha
  2807 | D:3      | Killed Natasha
  2889 | D:3      | Reached skill level 5 in Earth Magic
  3079 | D:3      | Noticed Natasha
  3087 | D:3      | Killed Natasha
  3088 | D:3      | Reached skill level 1 in Conjurations
  3088 | D:3      | Reached XP level 5. HP: 30/30 MP: 5/9
  3390 | D:3      | Noticed Natasha
  3392 | D:3      | Killed Natasha
  3406 | D:3      | Learned a level 5 spell: Lee's Rapid Deconstruction
  3689 | D:3      | Reached XP level 6. HP: 18/35 MP: 2/10
  3894 | D:3      | Killed Terence
  3895 | D:3      | Reached skill level 6 in Earth Magic
  4463 | D:3      | Reached skill level 1 in Armour
  5068 | D:4      | Got a crude battleaxe
  5069 | D:4      | Identified the +6 battleaxe of Blood {venom, rPois Int+3}
                  | (You found it on level 4 of the Dungeon)
  5610 | D:4      | Reached XP level 7. HP: 39/40 MP: 12/12
  5777 | D:4      | Reached skill level 7 in Earth Magic
  5915 | D:4      | Found a stormy altar of Qazlal.
  5934 | D:5      | Entered Level 5 of the Dungeon
  8512 | D:5      | Found a transporter.
  8529 | D:5      | Reached skill level 8 in Earth Magic
  8529 | D:5      | Reached XP level 8. HP: 41/44 MP: 14/14
  8878 | D:5      | Found a transporter.
  9621 | D:6      | Reached skill level 9 in Earth Magic
  9720 | D:6      | Reached skill level 5 in Spellcasting
  9813 | D:6      | HP: 1/44 [ogre/+0 giant club (18)]
 10664 | D:6      | Reached XP level 9. HP: 46/48 MP: 4/17
 10958 | D:6      | Noticed Menkaure
 10960 | D:6      | Killed Menkaure
 10969 | D:6      | Reached skill level 10 in Earth Magic
 11946 | D:7      | Upgraded the game from 0.26-a0-830-g2a559e7be2 to
                  | 0.26-a0-833-g7262b39652
 11961 | D:7      | Reached skill level 5 in Armour
 12596 | D:7      | Found a staircase to the Ecumenical Temple.
 12625 | Temple   | Entered the Ecumenical Temple
 12698 | Temple   | Became a worshipper of the Shining One
 13123 | D:8      | Found Hungee's General Store.
 13138 | D:8      | Bought a +2 pair of boots for 247 gold pieces
 13347 | D:8      | Noticed a kobold demonologist
 13362 | D:8      | Noticed a soul eater
 13363 | D:8      | Killed a kobold demonologist
 13364 | D:8      | Reached skill level 1 in Invocations
 13461 | D:8      | Reached skill level 11 in Earth Magic
 13462 | D:8      | Noticed a red ugly thing
 13472 | D:8      | Killed a red ugly thing
 13473 | D:8      | Reached XP level 10. HP: 6/58 MP: 16/20
 13941 | D:8      | Found a broken altar of Ashenzari.
 14769 | D:9      | Noticed a two-headed ogre
 14773 | D:9      | Killed a two-headed ogre
 14958 | D:9      | Reached skill level 5 in Fighting
 15238 | D:9      | Slain by a yak

Illustrated notes

Levels and vault maps discovered:
D:1:      dpeg_arrival_tiny_a, layout_rooms, minmay_hexomino_f4
D:2:      layout_loops_cross, kennysheep_doodads
D:3:      layout_loops_ring, serial_co_window_serial,
          co_window_of_opportunity_a, co_window_paths_b, co_window_paths_b,
          co_window_corner_a, co_window_corner_a, co_window_2corner,
          co_window_corner_b, co_window_of_opportunity_b, co_window_corner_cb,
          co_window_paths_d, glass_columns_a, glass_columns_c, glass_columns_a,
          glass_columns_a, glass_columns_b, gup_sewer_entry_bubbles,
          uniq_natasha, uniq_terence
D:4:      layout_basic, general_overflow_altar
D:5:      gammafunk_wand_slinger, layout_loops_ring
D:6:      layout_loops_cross, uniq_menkaure
D:7:      layout_gridville, minmay_temple_entry_tees
D:8:      minmay_chambers_of_sixes, layout_gridville, serial_shops,
          nicolae_shop_window_shopping, basic_altar
D:9:      minmay_spotlight, layout_grid_maze
Temple:   regret_index_temple_sigil_plot

Skill      XL: |  1  2  3  4  5  6  7  8  9 10 |
---------------+-------------------------------+-----
Fighting       | 1 2 4 5 |  5.0
Earth Magic    | 4 5 6 8 9 11 | 11.4
Conjurations   | 1 2 4 |  4.0
Spellcasting   | 3 4 5 7 |  7.5
Armour         | 1 3 5 |  5.0
Invocations    | 2 3 |  3.5
Dodging        | |  1.5
Stealth        | |  2.1
Transmutations | |  0.7

Action                   |  1- 3 |  4- 6 |  7- 9 | 10-12 || total
-------------------------+-------+-------+-------+-------++-------
Melee: Short sword       |    20 |       |       |       ||    20
       Club              |    17 |       |       |       ||    17
       Whip              |    13 |   140 |       |       ||   153
       Battleaxe         |       |    27 |   243 |    20 ||   290
 Cast: Sandblast         |    40 |    54 |     8 |       ||   102
       Stone Arrow       |       |     3 |    24 |     4 ||    31
       Lee's Rapid Decon |       |       |     2 |       ||     2
  Use: Scroll            |       |     9 |     7 |       ||    16
       Potion            |       |       |       |     1 ||     1
 Stab: Sleeping          |     2 |     2 |       |       ||     4
Armor: Robe              |    28 |    63 |   128 |    13 ||   232
       Chain mail        |       |       |    21 |       ||    21
       Plate armour      |       |       |    56 |       ||    56
Dodge: Dodged            |    50 |   127 |   161 |    41 ||   379

Table legend: (Time is in decaauts)
 A = Elapsed time spent in this place.
 B = Non-inter-level travel time spent in this place.
 C = Inter-level travel time spent in this place.
 D = Time resting spent in this place.
 E = Time spent auto-exploring this place.
 F = Levels seen in this place.
 G = Mean time per level.
                   A        B        C        D        E       F      G
               +--------+--------+--------+--------+--------+-----+--------+
         Total |  15520 |  15270 |    250 |   7820 |   3372 |  10 | 1552.0 |
       Dungeon |  15367 |  15136 |    231 |   7820 |   3248 |   9 | 1707.4 |
        Temple |    152 |    133 |     19 |      0 |    124 |   1 |  152.0 |
               +--------+--------+--------+--------+--------+-----+--------+

Top non-repeatable levels by time:
     D:3: 2783 daAuts
     D:4: 2556 daAuts
     D:5: 2366 daAuts
     D:8: 1996 daAuts
     D:7: 1453 daAuts
     D:2: 1351 daAuts
     D:6: 1339 daAuts
     D:1: 1286 daAuts
     D:9: 234 daAuts
  Temple: 152 daAuts
